 Dungeon Crawl Stone Soup version 0.31.0 (webtiles) character file.

Game seed: 3627639030441394879

4384 qw the Skirmisher (level 10, -6/65 HPs)
             Began as a Gargoyle Hunter on Jan 20, 2024.
             Mangled by a two-headed ogre
             ... wielding a +0 giant club
              (21 damage)
             ... on level 9 of the Dungeon.
             The game lasted 00:00:53 (8063 turns).

qw the Skirmisher (Gargoyle Hunter)                 Turns: 8063, Time: 00:00:53

Health: -6/65      AC: 18    Str: 15    XL:     10   Next: 35%
Magic:  10/10      EV: 17    Int: 10    God:
Gold:   470        SH:  0    Dex: 17    Spells: 9/9 levels left

rFire   + . .        q - +0 arbalest
rCold   . . .        (shield currently unavailable)
rNeg    + . .        j - +1 ring mail {rF+}
rPois   inf          (no helmet)
rElec   +            (no cloak)
rCorr   .            m - +2 pair of gloves
SInv    .            s - +0 pair of boots
Will    .....        o - amulet of regeneration
Stlth   +            f - +5 ring of evasion
HPRegen 1.10/turn    (no ring)
MPRegen 0.12/turn

%: no passive effects
@: about to teleport
A: sickness immunity, AC +7, negative energy resistance 1, electricity
resistance, torment resistance 1, petrification resistance
a: no special abilities


You were on level 9 of the Dungeon.
You visited 2 branches of the dungeon, and saw 10 of its levels.
You also visited: Sewer.

You collected 470 gold pieces.


Innate Abilities, Weirdness & Mutations

You are immune to sickness and miasma.
Your stone body is resilient. (AC +7)
You are immune to poison.
You resist negative energy. (rN+)
You are resistant to electric shocks. (rElec)
You are resistant to unholy torment.
You are immune to petrification.


   Skills:
 - Level 8.4 Fighting
 + Level 12.4 Ranged Weapons
 - Level 4.0 Armour
 - Level 3.0 Dodging
 - Level 1.1 Stealth


You had 9 spell levels left.
You didn't know any spells.
Your spell library was empty.

Inventory:

Hand Weapons
 q - a +0 arbalest (weapon)
Armour
 d - a scarf of shadows
 j - a +1 ring mail of fire resistance (worn)
 m - a +2 pair of gloves (worn)
 s - a +0 pair of boots (worn)
 t - a +0 troll leather armour
Jewellery
 f - a +5 ring of evasion (left hand)
 k - a ring of fire
 n - a ring of fire
 o - an amulet of regeneration (around neck)
Wands
 a - a wand of acid (9)
 c - a wand of polymorph (6)
 i - a wand of charming (30)
 r - a wand of iceblast (7)
Potions
 e - a potion of resistance
 g - a potion of curing
 h - a potion of cancellation
 l - a potion of heal wounds
 p - a potion of might
 u - a potion of mutation

Dungeon Overview and Level Annotations

Branches:
Dungeon (9/15)             Temple (1/1) D:4           Sewer (visited)
   Lair: D:8-11         Orc: D:9-12

Altars:
Ashenzari
Cheibriados
Dithmenos
Fedhas
Gozag
Hepliaklqana
Makhleb
Nemelex Xobeh
Qazlal
Ru
Sif Muna
Uskayaw
Vehumet
Wu Jian
Xom
Yredelemnul
Zin

Shops:
D:1 =


Message History

Enter note:
8053 ||| RETREEEEATING.
Enter note:
8054 ||| RETREEEEATING.
Enter note:
8055 ||| RETREEEEATING.
The steam dragon attacks as it pursues you!
The steam dragon bites you but does no damage.
The steam dragon closely misses you.
There is an open door here.
You shoot a bolt.
The bolt barely misses the steam dragon.
The steam dragon completely misses you. The steam dragon closely misses you.
Enter note:
8057 ||| RETREEEEATING.
You shoot a bolt.
The bolt hits the steam dragon but does no damage.
The steam dragon barely misses you.
The steam dragon claws you but does no damage.
8059 ||| ZAPPING wand of acid (10) at 1,-2 (two-headed ogre; floor).
Aiming: Corrosive Bolt
Press: ? - help, Q - select action, (/) - cycle Shift-Dir - straight line, f - two-headed ogre, p - steam dragon The bolt of acid misses the steam dragon.
The bolt of acid hits the two-headed ogre!
The two-headed ogre is severely wounded.
You shoot a bolt.
The bolt hits the two-headed ogre but does no damage.
The two-headed ogre is severely wounded.
The two-headed ogre closely misses you. The two-headed ogre misses you.
You shoot a bolt. The bolt hits the two-headed ogre.
The two-headed ogre is severely wounded.
You shoot a bolt. The bolt hits the two-headed ogre!
The two-headed ogre is almost dead.
The two-headed ogre hits you with a +0 giant club!!
The two-headed ogre hits you with a +0 giant spiked club.
8063 ||| READING scroll of teleportation.
As you read the scroll of teleportation, it crumbles to dust.
You feel strangely unstable.
The two-headed ogre hits you with a +0 giant club!!
You die...

#..##..........¤.
#¤.....#......#. ##
#.¤....#...>..#.#. ....
#c¤######.....#..
.....##O###..##.....+..
....................#.###
.........c..........#....
####+####O####+######....
.......@................
.....###..........)<....
... ##................ .
.....(..............
....................
.......####..........
.#+##### ######.###. #...
. #.....


You could see a two-headed ogre and a centaur.

Vanquished Creatures
  A troll (D:7)
  A hornet (D:9)
  Grinder (D:3)
  Eustachio (D:6)
  2 water moccasins (D:8)
  An ice beast (D:7)
  2 orc warriors
  2 black bears
  An ogre (D:4)
  A centaur (D:8)
  4 kobold brigands
  A phantom (D:5)
  Blork the orc (D:6)
  2 gnoll sergeants
  3 bullfrogs (D:8)
  5 scorpions
  2 wights (D:6)
  4 killer bees (D:7)
  4 howler monkeys
  5 orc priests
  2 jellies (D:4)
  4 bombardier beetles
  3 hounds
  A gnoll bouda (D:5)
  Jessica (D:3)
  2 iguanas
  10 orc wizards
  A sleepcap (D:5)
  19 gnolls
  10 adders
  3 river rats (Sewer)
  A shadow imp (D:6)
  3 white imps
  2 ufetubi (D:6)
  3 dart slugs
  7 ribbon worms
  38 orcs
  2 bats
  11 endoplasms
  A giant cockroach (D:3)
  3 goblins
  9 hobgoblins
  10 jackals
  3 quokkas
  5 ball pythons
  A frilled lizard (D:2)
  16 kobolds
  6 rats
221 creatures vanquished.

Notes
Turn   | Place    | Note
-------+----------+-------------------------------------------
     0 | D:1      | qw the Gargoyle Hunter began the quest for the Orb.
     0 | D:1      | Reached XP level 1. HP: 12/12 MP: 1/1
     0 | D:1      | 0 ||| qw: Version: 0.3-a-132-g3d54051
     0 | D:1      | 0 ||| qw: Game counter: 540
     0 | D:1      | 0 ||| qw: Melee chars always use a shield: true
     0 | D:1      | 0 ||| qw: God list: Okawaru
     0 | D:1      | 0 ||| qw: Allow faded altars: false
     0 | D:1      | 0 ||| qw: Do Orc after clearing Dungeon:15 true
     0 | D:1      | 0 ||| qw: Do second Lair branch before Depths: true
     0 | D:1      | 0 ||| qw: Lair rune preference: random
     0 | D:1      | 0 ||| qw: Goals: Normal
     0 | D:1      | 0 ||| PLANNING D:1-11
    52 | D:1      | Reached XP level 2. HP: 17/17 MP: 2/2
   138 | D:1      | Found Yckaen's One-of-a-Kind Rings.
   171 | D:1      | 171 ||| SHOPLISTING +2 ring of dexterity (39 gold, have 0).
   171 | D:1      | 171 ||| SHOPLISTING +2 ring of evasion (78 gold, have 0).
   171 | D:1      | 171 ||| SHOPLISTING +6 ring of protection (1014 gold, have
                  | 0).
   171 | D:1      | 171 ||| SHOPLISTING +7 ring of slaying (2243 gold, have 0).
   171 | D:1      | 171 ||| SHOPLISTING ring of Vemiclim {rElec rF+ MP-9 AC+4
                  | Str+7} (686 gold, have 0).
   171 | D:1      | 171 ||| SHOPLISTING ring of the Moon {rElec rC+ Will+
                  | rCorr} (605 gold, have 0).
   345 | D:1      | Reached XP level 3. HP: 21/21 MP: 3/3
   580 | D:1      | 580 ||| UPGRADING to +1 ring mail of fire resistance.
   590 | D:1      | 590 ||| DROPPING +0 leather armour.
   591 | D:1      | 591 ||| UPGRADING to +0 pair of gloves.
   596 | D:1      | 596 ||| READING 2 scrolls labelled FEGOOF KIRE.
   596 | D:1      | 596 ||| IDENTIFYING puce potion
   597 | D:1      | 597 ||| READING scroll of identify.
   597 | D:1      | 597 ||| IDENTIFYING sapphire potion
   598 | D:1      | 598 ||| READING scroll labelled KUXANN VAHYOLAKI.
   598 | D:1      | 598 ||| ENCHANTING +0 shortbow.
   599 | D:1      | 599 ||| READING scroll labelled AFRICV DEHOANT.
   700 | D:1      | 700 ||| READING scroll labelled LOTOL CATEOKKA.
   701 | D:1      | 701 ||| READING scroll labelled ROG ZOTORCHAOME.
   702 | D:1      | 702 ||| DRINKING 2 glowing golden potions.
   703 | D:1      | 703 ||| DRINKING 2 pink potions.
   704 | D:1      | 704 ||| DROPPING scroll of butterflies.
   705 | D:1      | 705 ||| DROPPING potion of lignification.
   706 | D:1      | 706 ||| DROPPING potion of magic.
   896 | D:2      | Reached skill level 1 in Armour
   949 | D:2      | Reached skill level 5 in Ranged Weapons
  1153 | D:2      | 1153 ||| DROPPING ring of wizardry.
  1154 | D:2      | 1154 ||| READING scroll labelled JONUWA HEJO.
  1154 | D:2      | 1154 ||| ENCHANTING +0 pair of gloves.
  1170 | D:3      | 1170 ||| PLANNING SEWER
  1305 | D:3      | Noticed Jessica
  1308 | D:3      | Killed Jessica
  1309 | D:3      | Reached skill level 3 in Fighting
  1309 | D:3      | Reached XP level 4. HP: 28/28 MP: 4/4
  1565 | D:3      | 1565 ||| READING scroll of enchant armour.
  1565 | D:3      | 1565 ||| ENCHANTING +1 pair of gloves.
  1595 | D:3      | Found a glowing drain.
  1596 | D:3      | 1596 ||| UPGRADING to +5 ring of evasion.
  1597 | D:3      | 1597 ||| READING 3 scrolls of identify.
  1597 | D:3      | 1597 ||| IDENTIFYING silvery potion
  1598 | D:3      | 1598 ||| READING 2 scrolls of identify.
  1598 | D:3      | 1598 ||| IDENTIFYING bubbling golden potion
  1599 | D:3      | 1599 ||| READING scroll of identify.
  1599 | D:3      | 1599 ||| IDENTIFYING scroll labelled JUK BOPPICHE
  1600 | D:3      | 1600 ||| DROPPING scroll of noise.
  1601 | D:3      | 1601 ||| DROPPING potion of brilliance.
  1613 | D:3      | Noticed Grinder
  1615 | D:3      | 1615 ||| FLEEEEING.
  1616 | D:3      | 1616 ||| FLEEEEING.
  1631 | D:3      | 1631 ||| FLEEEEING.
  1650 | D:3      | Paralysed by Grinder for 4 turns
  1666 | D:3      | Killed Grinder
  1667 | D:3      | Reached skill level 6 in Ranged Weapons
  1667 | D:3      | Reached XP level 5. HP: 32/32 MP: 5/5
  1667 | D:3      | Reached XP level 6. HP: 37/37 MP: 6/6
  1667 | D:3      | 1667 ||| FLEEEEING.
  1776 | Sewer    | Entered a sewer
  2082 | Sewer    | Reached skill level 7 in Ranged Weapons
  2082 | Sewer    | Reached XP level 7. HP: 44/44 MP: 7/7
  2308 | Sewer    | 2308 ||| READING scroll labelled XOJORU QYINGU.
  2330 | D:3      | 2330 ||| PLANNING D:1-11
  2482 | D:3      | Found a stormy altar of Qazlal.
  2810 | D:4      | Found an opulent altar of Gozag.
  2926 | D:4      | Reached skill level 8 in Ranged Weapons
  3019 | D:4      | 3019 ||| FLEEEEING.
  3024 | D:4      | 3024 ||| FLEEEEING.
  3025 | D:4      | 3025 ||| FLEEEEING.
  3026 | D:4      | 3026 ||| FLEEEEING.
  3027 | D:4      | 3027 ||| FLEEEEING.
  3028 | D:4      | 3028 ||| STAIRDANCE
  3083 | D:3      | 3083 ||| READING scroll of identify.
  3083 | D:3      | 3083 ||| IDENTIFYING fizzy blue potion
  3084 | D:3      | 3084 ||| DROPPING potion of invisibility.
  3400 | D:4      | Found a staircase to the Ecumenical Temple.
  3401 | D:4      | 3401 ||| PLANNING TEMPLE
  3401 | D:4      | 3401 ||| READING scroll of identify.
  3401 | D:4      | 3401 ||| IDENTIFYING brown potion
  3402 | D:4      | 3402 ||| READING scroll labelled DUYPIP FOJA.
  3403 | D:4      | 3403 ||| READING scroll labelled LESUES XEKKOIS.
  3404 | D:4      | 3404 ||| FLEEEEING.
  3434 | D:4      | 3434 ||| DROPPING potion of degeneration.
  3454 | Temple   | Entered the Ecumenical Temple
  3455 | Temple   | 3455 ||| PLANNING D:1-11
  3515 | D:4      | 3515 ||| FLEEEEING.
  3670 | D:4      | Reached XP level 8. HP: 50/50 MP: 8/8
  3681 | D:4      | Found a burning altar of Makhleb.
  3681 | D:4      | Noticed a balrug
  3684 | D:4      | Noticed a smoke demon
  3684 | D:4      | Noticed a hellwing
  3875 | D:5      | Entered Level 5 of the Dungeon
  3993 | D:5      | 3993 ||| FLEEEEING.
  4330 | D:5      | Reached skill level 9 in Ranged Weapons
  4357 | D:5      | 4357 ||| RETREEEEATING.
  4358 | D:5      | 4358 ||| RETREEEEATING.
  4359 | D:5      | 4359 ||| RETREEEEATING.
  4362 | D:5      | Reached skill level 6 in Fighting
  4367 | D:5      | 4367 ||| FLEEEEING.
  4486 | D:5      | 4486 ||| READING scroll of identify.
  4486 | D:5      | 4486 ||| IDENTIFYING viscous inky potion
  4846 | D:5      | 4846 ||| READING scroll labelled WOXIUWK LUENG.
  4847 | D:5      | 4847 ||| FLEEEEING.
  4849 | D:5      | 4849 ||| READING scroll labelled ANWAIGR AXKUFAMU.
  4939 | D:6      | Reached skill level 10 in Ranged Weapons
  5059 | D:6      | Reached XP level 9. HP: 56/56 MP: 9/9
  5062 | D:6      | Noticed Blork the orc
  5062 | D:6      | Noticed Eustachio
  5063 | D:6      | 5063 ||| RETREEEEATING.
  5068 | D:6      | 5068 ||| RETREEEEATING.
  5070 | D:6      | 5070 ||| RETREEEEATING.
  5071 | D:6      | 5071 ||| RETREEEEATING.
  5073 | D:6      | 5073 ||| RETREEEEATING.
  5082 | D:6      | Killed Blork the orc
  5098 | D:6      | 5098 ||| RETREEEEATING.
  5099 | D:6      | 5099 ||| RETREEEEATING.
  5100 | D:6      | 5100 ||| RETREEEEATING.
  5101 | D:6      | 5101 ||| RETREEEEATING.
  5121 | D:6      | Killed Eustachio
  5290 | D:6      | 5290 ||| FLEEEEING.
  5291 | D:6      | 5291 ||| STAIRDANCE
  5376 | D:5      | 5376 ||| DROPPING wand of flame (5).
  5452 | D:6      | 5452 ||| FLEEEEING.
  5558 | D:6      | 5558 ||| READING scroll of enchant weapon.
  5558 | D:6      | 5558 ||| ENCHANTING +1 shortbow.
  5578 | D:6      | 5578 ||| DRINKING 2 potions of curing.
  5578 | D:6      | 5578 ||| (to cure confusion)
  5914 | D:6      | Found a radiant altar of Vehumet.
  5914 | D:6      | Found a blossoming altar of Fedhas.
  5920 | D:6      | Reached skill level 11 in Ranged Weapons
  5993 | D:6      | 5993 ||| UPGRADING to amulet of regeneration.
  6033 | D:7      | Found a sparkling altar of Nemelex Xobeh.
  6125 | D:7      | 6125 ||| RETREEEEATING.
  6126 | D:7      | 6126 ||| RETREEEEATING.
  6136 | D:7      | Reached skill level 3 in Dodging
  6158 | D:7      | HP: 13/57 [orc warrior/+0 glaive (10)]
  6159 | D:7      | 6159 ||| DRINKING 4 potions of heal wounds.
  6171 | D:7      | 6171 ||| FLEEEEING.
  6182 | D:7      | 6182 ||| FLEEEEING.
  6193 | D:7      | 6193 ||| FLEEEEING.
  6204 | D:7      | 6204 ||| FLEEEEING.
  6209 | D:7      | 6209 ||| DRINKING 3 potions of curing.
  6209 | D:7      | 6209 ||| (to cure confusion)
  6213 | D:7      | Reached skill level 3 in Armour
  6237 | D:7      | 6237 ||| SWAPPING to +0 arbalest.
  6238 | D:7      | 6238 ||| DROPPING +2 shortbow.
  6241 | D:7      | 6241 ||| FLEEEEING.
  6242 | D:7      | 6242 ||| FLEEEEING.
  6243 | D:7      | 6243 ||| FLEEEEING.
  6244 | D:7      | 6244 ||| FLEEEEING.
  6502 | D:7      | Found a sacrificial altar of Ru.
  6562 | D:7      | Noticed a troll
  6565 | D:7      | 6565 ||| ZAPPING wand of iceblast (10) at -3,4 (troll;
                  | floor).
  6566 | D:7      | 6566 ||| ZAPPING wand of iceblast (9) at -3,3 (troll;
                  | floor).
  6567 | D:7      | 6567 ||| ZAPPING wand of iceblast (8) at -2,2 (troll;
                  | floor).
  6567 | D:7      | Killed a troll
  6576 | D:7      | Found the +18 Lear's hauberk
  6670 | D:7      | Found a broken altar of Ashenzari.
  6698 | D:7      | Found a basalt altar of Yredelemnul.
  7172 | D:7      | 7172 ||| DROPPING +2 leather armour of poison resistance.
  7173 | D:7      | 7173 ||| READING scroll of identify.
  7173 | D:7      | 7173 ||| IDENTIFYING purple potion
  7174 | D:7      | 7174 ||| READING scroll labelled FUIKLU FO DONIA.
  7275 | D:7      | 7275 ||| DROPPING potion of attraction.
  7329 | D:8      | 7329 ||| RETREEEEATING.
  7330 | D:8      | 7330 ||| RETREEEEATING.
  7332 | D:8      | 7332 ||| RETREEEEATING.
  7333 | D:8      | 7333 ||| RETREEEEATING.
  7334 | D:8      | 7334 ||| RETREEEEATING.
  7344 | D:8      | Reached XP level 10. HP: 65/65 MP: 10/10
  7366 | D:8      | 7366 ||| RETREEEEATING.
  7367 | D:8      | 7367 ||| RETREEEEATING.
  7368 | D:8      | 7368 ||| DRINKING 2 potions of curing.
  7368 | D:8      | 7368 ||| (to cure confusion)
  7369 | D:8      | 7369 ||| RETREEEEATING.
  7392 | D:8      | Reached skill level 12 in Ranged Weapons
  7397 | D:8      | HP: 15/65 [gnoll sergeant/+0 trident (4)]
  7398 | D:8      | 7398 ||| DRINKING 3 potions of heal wounds.
  7402 | D:8      | 7402 ||| DRINKING 2 potions of heal wounds.
  7414 | D:8      | 7414 ||| FLEEEEING.
  7503 | D:8      | Found a snail-covered altar of Cheibriados.
  7928 | D:8      | 7928 ||| UPGRADING to +0 pair of boots.
  7933 | D:8      | 7933 ||| READING 3 scrolls of identify.
  7933 | D:8      | 7933 ||| IDENTIFYING fuming inky potion
  7934 | D:8      | 7934 ||| READING 2 scrolls of identify.
  7934 | D:8      | 7934 ||| IDENTIFYING fizzy dark potion
  7935 | D:8      | 7935 ||| READING scroll of identify.
  7935 | D:8      | 7935 ||| IDENTIFYING scroll labelled NAN DIYTEE
  7936 | D:8      | 7936 ||| DROPPING scroll of immolation.
  7964 | D:9      | 7964 ||| STAIRDANCE
  7972 | D:9      | 7972 ||| STAIRDANCE
  7978 | D:9      | 7978 ||| STAIRDANCE
  8020 | D:9      | Found a glowing silver altar of Zin.
  8039 | D:9      | Noticed a two-headed ogre
  8047 | D:9      | 8047 ||| RETREEEEATING.
  8048 | D:9      | 8048 ||| RETREEEEATING.
  8049 | D:9      | 8049 ||| RETREEEEATING.
  8051 | D:9      | 8051 ||| RETREEEEATING.
  8052 | D:9      | 8052 ||| RETREEEEATING.
  8053 | D:9      | 8053 ||| RETREEEEATING.
  8054 | D:9      | 8054 ||| RETREEEEATING.
  8055 | D:9      | 8055 ||| RETREEEEATING.
  8057 | D:9      | 8057 ||| RETREEEEATING.
  8059 | D:9      | 8059 ||| ZAPPING wand of acid (10) at 1,-2 (two-headed
                  | ogre; floor).
  8062 | D:9      | HP: 15/65 [two-headed ogre/+0 giant club (24)]
  8063 | D:9      | 8063 ||| READING scroll of teleportation.
  8063 | D:9      | Mangled by a two-headed ogre

Levels and vault maps discovered:
D:1:      minmay_arrival_doors, layout_rooms, roderic_lattice_a,
          nicolae_shop_unique_rings, st_stairs_3
D:2:      layout_rooms
D:3:      layout_basic, pf_just_have_faith, cheibrodos_sewer_entry_sluice,
          uniq_grinder, uniq_jessica
D:4:      layout_gridville, makhleb_altar_promises_db, grunt_gozag_statues,
          temple_fountains
D:5:      layout_loops_ring, kennysheep_small_circle
D:6:      layout_basic, amethyst_overflow_temple_binary, sword_in_stone
D:7:      layout_basic, nicolae_ru_awakened_eye,
          mainiacjoe_overflow_six_doors_small, lemuel_tele_altar,
          yredelemnul_altar_generic, hangedman_decor_growths,
          grunt_decor_clamped, grunt_ministairs_9, hellmonk_guarded_unrand_lears
D:8:      layout_cave_pools, amcnicky_altar_gilded
D:9:      layout_stronghold, mainiacjoe_overflow_24_doors, okawaru_humans,
          mainiacjoe_overflow_concentric_impassable, hangedman_feature_mirror
Temple:   nicolae_temple_superstar

Skill      XL: |  1  2  3  4  5  6  7  8  9 10 |
---------------+-------------------------------+-----
Armour         | 1 2 3 4 |  4.0
Ranged Weapons | 5 6 7 8 10 11 12 | 12.4
Fighting       | 3 4 5 6 8 |  8.4
Dodging        | 2 3 |  3.0
Stealth        | |  1.1

Action                     |  1- 3 |  4- 6 |  7- 9 | 10-12 || total
---------------------------+-------+-------+-------+-------++-------
  Melee: Unarmed           |       |     9 |       |       ||     9
         Shortbow          |       |       |     3 |       ||     3
   Fire: Shortbow          |    91 |   106 |   619 |       ||   816
         Arbalest          |       |       |    60 |   122 ||   182
  Evoke: Wand              |       |       |     3 |     1 ||     4
    Use: Scroll            |     7 |     4 |    11 |     4 ||    26
         Potion            |     2 |       |     3 |     3 ||     8
 Armour: Leather armour    |     7 |       |       |       ||     7
         Ring mail         |     5 |    17 |   260 |   159 ||   441
         Skin              |       |     2 |       |       ||     2
  Dodge: Dodged            |    16 |    27 |   348 |   249 ||   640

Table legend:
 A = Non-vault XP
 B = Vault XP
 C = Vault XP percentage of total XP
 D = Non-vault monster count
 E = Vault monster count
 F = Vault count percentage of total count
                 A         B        C        D         E       F
            +---------+---------+-------+---------+---------+-------
      Total |    4049 |    2215 |  35.4 |     168 |      53 |  24.0
            +---------+---------+-------+---------+---------+-------
        D:1 |      31 |       4 |  11.4 |      15 |       2 |  11.8
        D:2 |      28 |       0 |   0.0 |       9 |       0 |   0.0
        D:3 |      43 |     314 |  88.0 |      16 |       4 |  20.0
        D:4 |     395 |       0 |   0.0 |      22 |       0 |   0.0
        D:5 |     665 |     170 |  20.4 |      26 |       4 |  13.3
        D:6 |     686 |     534 |  43.8 |      29 |       5 |  14.7
        D:7 |     365 |     781 |  68.2 |      16 |      10 |  38.5
        D:8 |    1497 |       0 |   0.0 |      33 |       0 |   0.0
        D:9 |     339 |       0 |   0.0 |       2 |       0 |   0.0
      Sewer |       0 |     412 | 100.0 |       0 |      28 | 100.0
            +---------+---------+-------+---------+---------+-------
